 Dungeon Crawl Stone Soup version 0.26.1-11-gd32895ea62 (webtiles) character file.

Game seed: 12182486386545299181

41007 rjrrt the Severer (level 13, -2/103 HPs)
             Began as a Demonspawn Berserker on Apr 23, 2021.
             Was a High Priest of Trog.
             Slain by a seven-headed hydra (12 damage)
             ... on level 6 of the Lair of Beasts.
             The game lasted 00:36:10 (19209 turns).

rjrrt the Severer (Demonspawn Berserker)           Turns: 19209, Time: 00:36:11

Health: -2/103     AC: 24    Str: 22    XL:     13   Next: 77%
Magic:  4/4        EV: 17    Int: 10    God:    Trog [*****.]
Gold:   1183       SH:  0    Dex: 14    Spells: 12/12 levels left

rFire    + . .     SeeInvis .   a - +6 broad axe "Iguguew" {antimagic, *Noise Will+ Dex+2 Stlth+}
rCold    + . .     Faith    .   (no shield)
rNeg     . . .     Spirit   .   M - +1 chain mail {rPois}
rPois    +         Reflect  .   K - +1 hat
rElec    .         Harm     .   F - +2 cloak
rCorr    .         Rampage  .   u - +0 pair of gloves
Will     +++..                  z - +1 pair of boots
Stlth    ..........             (no amulet)
HPRegen  1.27/turn              g - ring of Exhibitionism {rC+ EV+4}
MPRegen  0.09/turn              H - +4 ring of protection

@: regenerating (expiring), very slow
A: horns 2, fire resistance 1, powered by pain 1, flame cloud immunity
a: Renounce Religion, Berserk, Trog's Hand, Brothers in Arms


You were on level 6 of the Lair of Beasts.
You worshipped Trog.
Trog was extremely pleased with you.
You visited 2 branches of the dungeon, and saw 17 of its levels.

You collected 1183 gold pieces.

Inventory:

Hand Weapons
 a - the +6 broad axe "Iguguew" (weapon) {antimagic, *Noise Will+ Dex+2 Stlth+}
   (Trog gifted it to you on level 4 of the Lair of Beasts)

   It reduces the magical energy of the wielder, and disrupts the spells and
   magical abilities of those hit.
   Natural abilities and divine invocations are not affected.
   It affects your dexterity (+2).
   It affects your willpower, your defense against some magical effects.
   It may make noises in combat.
   It makes you more stealthy.
 m - a +4 antimagic battleaxe
 w - a +4 flail of protection
 I - a +0 glaive
Missiles
 k - 38 poisoned darts (quivered)
Armour
 u - a +0 pair of gloves (worn)
 z - a +1 pair of boots (worn)
 F - a +2 cloak (worn)
 K - a +1 hat (worn)
 M - a +1 chain mail of poison resistance (worn)
Jewellery
 c - an uncursed ring of resist corrosion
 g - the ring of Exhibitionism (left hand) {rC+ EV+4}
   (You found it on level 11 of the Dungeon)

   [ring of evasion]

   It affects your evasion (+4).
   It protects you from cold.
 H - a +4 ring of protection (right hand)
Wands
 x - a wand of random effects (25)
 D - a wand of disintegration (45)
 E - a wand of iceblast (13)
 G - a wand of acid (8)
 L - a wand of digging (8)
Scrolls
 h - 2 scrolls of fear
 n - 3 scrolls of remove curse
 o - a scroll of magic mapping
 q - 8 scrolls of teleportation
 y - 6 scrolls of fog
 C - 3 scrolls of blinking
 J - 2 scrolls of enchant armour
Potions
 b - 2 potions of resistance
 d - a potion of cancellation
 e - 10 potions of curing
 f - 3 potions of flight
 i - a potion of mutation {unknown}
 j - 2 potions of attraction
 l - 6 potions of lignification
 p - a potion of magic {unknown}
 r - a potion of ambrosia {unknown}
 s - 2 potions of heal wounds {unknown}
 t - 2 potions of haste
 v - 6 potions of might
 A - 3 potions of invisibility
Miscellaneous
 B - a tin of tremorstones (2/2)


   Skills:
 + Level 9.8 Fighting
 * Level 15.3 Axes
 + Level 8.8 Armour
 + Level 8.8 Dodging
 - Level 6.0 Evocations


You had 12 spell levels left.
You didn't know any spells.
Your spell library was empty.

Dungeon Overview and Level Annotations

Branches:
Dungeon (11/15)            Temple (0/1) D:5            Lair (6/6) D:11
 Shoals (0/4) Lair:4        Snake (0/4) Lair:2        Slime (0/5) Lair:5
    Orc: D:9-12

Altars:
Cheibriados
Elyvilon
Fedhas
Gozag
Hepliaklqana
Kikubaaqudgha
Okawaru
Vehumet
Xom
Yredelemnul
Jiyva

Shops:
D:8 =

Annotations:
Lair:2 1 runed translucent door, Tirrikindir's ghost, journeyman OpFi
Lair:4 exclusion: 2 oklob plants


Innate Abilities, Weirdness & Mutations

You have a pair of horns on your head.
Your flesh is heat resistant. (rF+)
You sometimes gain a little power by taking damage.
You are immune to clouds of flame.


Message History

The six-headed hydra bites you.
* * * LOW HITPOINT WARNING * * *
The six-headed hydra misses you.
The six-headed hydra closely misses you.
The six-headed hydra misses you.
A merfolk avatar comes into view.
Found twelve items.
A six-headed hydra comes into view.
Unknown command.
Unknown command.
The wyvern hisses angrily.
The blink frog croaks.
The water moccasin hisses angrily.
You slash the hornet! Your headbutt misses the hornet.
The hornet is heavily wounded.
You lop one of the six-headed hydra's heads off!
The five-headed hydra grows two more!
You hit the seven-headed hydra.
You hear an angry hiss.
The hornet stings you but does no damage.
The seven-headed hydra bites you!
You die...

###########
#8≈≈≈≈≈≈≈≈≈
#≈≈≈≈≈≈≈≈≈≈
#≈≈≈≈Pk≈≈≈≈
#≈≈≈D≈≈≈≈≈≈
#≈y@!Y|SP≈≈
#≈≈≈[≈≈?≈≈≈
#.≈≈≈}≈m)≈l≈
≈≈.≈#≈[=:)≈≈≈
F≈≈≈#≈≈y≈≈≈≈≈≈≈
≈≈≈≈#≈≈≈≈≈≈≈≈≈≈
≈≈≈ # ≈≈≈≈≈#≈≈≈
#≈ ≈≈≈≈≈≈≈≈≈≈
≈.# ######


You could see a merfolk avatar, a seven-headed hydra, an elephant, a blink frog,
a rime drake, 2 hornets, a water moccasin and a wyvern.

Vanquished Creatures
  Gastronok (D:9)
  A yaktaur captain (D:9)
  3 hydras
  Erica (Lair:1)
  3 two-headed ogres
  Urug (D:10)
  An orc high priest (D:9)
  A lindwurm (Lair:5)
  2 cyclopes (D:11)
  An ugly thing (D:11)
  12 elephants
  3 black mambas
  Maurice (D:8)
  A torpor snail (Lair:3)
  11 cane toads
  A gargoyle (D:9)
  Maggie (D:7)
  Psyche (D:8)
  An efreet (D:9)
  A rime drake (Lair:6)
  4 komodo dragons
  6 polar bears
  A troll (D:10)
  Grinder (D:4)
  19 blink frogs
  Prince Ribbit (D:8)
  4 dream sheep (Lair:3)
  2 wyverns
  A wraith (D:11)
  23 yaks
  3 basilisks
  Grum (D:8)
  Menkaure (D:6)
  A steam dragon (D:9)
  Edmund (D:4)
  10 water moccasins
  A floating eye (Lair:4)
  2 sky beasts
  2 black bears
  An ice beast (D:6)
  4 orc warriors
  A necrophage (D:9)
  2 phantoms
  10 ogres
  22 wolves
  2 centaurs (D:9)
  A big kobold (D:9)
  11 bullfrogs
  A gnoll sergeant (D:7)
  A wyvern zombie (D:8)
  6 scorpions
  A killer bee (D:9)
  8 wights
  2 electric eels (Lair:3)
  3 howler monkeys
  A bullfrog zombie (D:6)
  4 jellies
  A bullfrog skeleton (D:5)
  A quasit (D:7)
  7 orc priests
  2 gnoll shamans
  5 hounds
  Jessica (D:2)
  10 iguanas
  10 orc wizards
  11 worker ants
  Robin (D:2)
  2 worker ant zombies
  10 gnolls
  12 adders
  2 ufetubi
  2 oozes
  An adder zombie (D:5)
  3 worms (D:2)
  2 dart slugs (D:4)
  4 leopard geckos
  44 orcs
  6 giant cockroaches
  12 goblins
  10 hobgoblins
  12 jackals
  4 quokkas
  2 ball pythons
  3 bats
  7 frilled lizards
  8 kobolds
  A quokka skeleton (D:7)
  2 quokka zombies
  9 rats
420 creatures vanquished.

Vanquished Creatures (collateral kills)
  A hydra (Lair:5)
  A sea snake (Lair:6)
  An elephant (Lair:5)
  A rime drake (Lair:6)
  A polar bear (Lair:6)
5 creatures vanquished.

Vanquished Creatures (others)
  A scorpion (D:4)
  A bullfrog simulacrum (D:9)
  An orc (D:7)
  15 fungi
  54 plants
  2 withered plants (D:11)
74 creatures vanquished.

Grand Total: 499 creatures vanquished

Notes
Turn   | Place    | Note
-------+----------+-------------------------------------------
     0 | D:1      | rjrrt the Demonspawn Berserker began the quest for the Orb.
     0 | D:1      | Reached XP level 1. HP: 18/18 MP: 1/1
   113 | D:1      | Reached skill level 3 in Axes
   312 | D:1      | Gained mutation: You sometimes gain a little power by
                  | taking damage. [demonic ancestry]
   312 | D:1      | Reached XP level 2. HP: 24/24 MP: 2/2
   897 | D:2      | Reached skill level 4 in Axes
   897 | D:2      | Reached XP level 3. HP: 29/29 MP: 3/3
  1142 | D:2      | Noticed Robin
  1201 | D:2      | Killed Robin
  1264 | D:2      | Reached ** piety under Trog
  1269 | D:2      | Reached XP level 4. HP: 33/35 MP: 4/4
  1600 | D:2      | Noticed Jessica
  1611 | D:2      | Killed Jessica
  1768 | D:2      | Found a blossoming altar of Fedhas.
  1768 | D:2      | Found a shimmering altar of Xom.
  1801 | D:3      | Reached skill level 5 in Axes
  1890 | D:3      | Noticed an ogre
  1897 | D:3      | Killed an ogre
  1898 | D:3      | Gained mutation: You have a pair of small horns on your
                  | head. [demonic ancestry]
  1898 | D:3      | Reached XP level 5. HP: 41/41 MP: 5/5
  1963 | D:3      | Found a radiant altar of Vehumet.
  2380 | D:3      | Reached skill level 6 in Axes
  2410 | D:3      | Reached XP level 6. HP: 43/47 MP: 6/6
  3079 | D:4      | Reached *** piety under Trog
  3313 | D:4      | Found an iron altar of Okawaru.
  3405 | D:4      | Noticed Edmund
  3413 | D:4      | Killed Edmund
  3414 | D:4      | Reached skill level 7 in Axes
  3414 | D:4      | Gained mutation: Your flesh is heat resistant. (rF+)
                  | [demonic ancestry]
  3414 | D:4      | Reached XP level 7. HP: 52/52 MP: 7/7
  3484 | D:4      | Noticed Grinder
  3497 | D:4      | Killed Grinder
  3498 | D:4      | Reached skill level 8 in Axes
  4026 | D:5      | Entered Level 5 of the Dungeon
  4108 | D:5      | Found a staircase to the Ecumenical Temple.
  4961 | D:5      | Reached skill level 9 in Axes
  4961 | D:5      | Gained mutation: You have a pair of horns on your head.
                  | [demonic ancestry]
  4961 | D:5      | Reached XP level 8. HP: 58/58 MP: 8/8
  5105 | D:6      | Noticed Menkaure
  5118 | D:6      | Killed Menkaure
  5319 | D:6      | Reached skill level 10 in Axes
  5747 | D:6      | Found a snail-covered altar of Cheibriados.
  5991 | D:6      | Reached **** piety under Trog
  6267 | D:6      | Reached XP level 9. HP: 37/63 MP: 9/9
  6271 | D:6      | HP: 3/94 [sky beast (5)]
  6731 | D:7      | Reached skill level 11 in Axes
  6793 | D:7      | Noticed Maggie
  6815 | D:7      | Killed Maggie
  7509 | D:7      | Found a white marble altar of Elyvilon.
  7674 | D:8      | Noticed Grum
  7676 | D:8      | Noticed Prince Ribbit
  8117 | D:8      | Noticed Psyche
  8128 | D:8      | Killed Psyche
  8219 | D:8      | Found Omu Xaun's Jewellery Boutique.
  8221 | D:8      | Noticed a two-headed ogre
  8226 | D:8      | Killed a two-headed ogre
  8227 | D:8      | Reached skill level 5 in Fighting
  8227 | D:8      | Reached XP level 10. HP: 74/74 MP: 10/10
  8233 | D:8      | Killed Grum
  8306 | D:8      | Reached ***** piety under Trog
  8327 | D:8      | Reached skill level 12 in Axes
  8495 | D:8      | Killed Prince Ribbit
  8704 | D:8      | Found a hazy altar of Hepliaklqana.
  8744 | D:8      | Noticed Maurice
  8757 | D:8      | Killed Maurice
  8861 | D:8      | Found an ancient bone altar of Kikubaaqudgha.
  9293 | D:9      | Found an opulent altar of Gozag.
  9792 | D:9      | Noticed an orc high priest
  9810 | D:9      | Killed an orc high priest
  9811 | D:9      | Reached skill level 5 in Armour
  9811 | D:9      | Reached skill level 5 in Dodging
  9905 | D:9      | Noticed a gargoyle
  9914 | D:9      | Killed a gargoyle
  9916 | D:9      | Noticed a yaktaur captain
  9920 | D:9      | Killed a yaktaur captain
  9926 | D:9      | Reached XP level 11. HP: 83/83 MP: 11/11
 10935 | D:9      | Noticed Gastronok
 10954 | D:9      | Killed Gastronok
 10955 | D:9      | Reached skill level 13 in Axes
 10955 | D:9      | Reached skill level 1 in Evocations
 11108 | D:10     | Entered Level 10 of the Dungeon
 11435 | D:10     | Noticed a two-headed ogre
 11448 | D:10     | Killed a two-headed ogre
 11838 | D:10     | Noticed Urug
 11852 | D:10     | Killed Urug
 12241 | D:11     | Found a basalt altar of Yredelemnul.
 12286 | D:11     | Noticed a brown ugly thing
 12301 | D:11     | Killed a brown ugly thing
 12421 | D:11     | Noticed a two-headed ogre
 12429 | D:11     | Killed a two-headed ogre
 12713 | D:11     | Found a staircase to the Lair.
 13057 | D:11     | Got a translucent golden ring
 13094 | D:11     | Identified the ring of Exhibitionism {rC+ EV+4} (You found
                  | it on level 11 of the Dungeon)
 13198 | D:11     | Received a gift from Trog
 13408 | Lair:1   | Entered Level 1 of the Lair of Beasts
 13452 | Lair:1   | Gained mutation: You are immune to clouds of flame.
                  | [demonic ancestry]
 13452 | Lair:1   | Reached XP level 12. HP: 87/91 MP: 12/12
 13704 | Lair:1   | Noticed Erica
 13712 | Lair:1   | Killed Erica
 14571 | Lair:2   | Noticed a seven-headed hydra
 14588 | Lair:2   | Killed a seven-headed hydra
 14929 | Lair:2   | Reached skill level 14 in Axes
 15230 | Lair:2   | Found a runed translucent door.
 15233 | Lair:2   | Noticed Tirrikindir's ghost (journeyman OpFi)
 15559 | Lair:2   | Found a staircase to the Snake Pit.
 15993 | Lair:3   | Reached skill level 5 in Evocations
 16966 | Lair:4   | Noticed a six-headed hydra
 17005 | Lair:4   | Paralysed by a floating eye for 2 turns
 17014 | Lair:4   | Killed a six-headed hydra
 17217 | Lair:4   | Reached XP level 13. HP: 87/100 MP: 13/13
 17613 | Lair:4   | Received a gift from Trog
 17626 | Lair:4   | Got an ancient broad axe {god gift}
 17871 | Lair:4   | Identified the +6 broad axe "Iguguew" {antimagic, *Noise
                  | Will+ Dex+2 Stlth+} (Trog gifted it to you on level 4 of
                  | the Lair of Beasts)
 18000 | Lair:4   | Found a staircase to the Shoals.
 18488 | Lair:5   | Reached skill level 15 in Axes
 18735 | Lair:5   | Found a viscous altar of Jiyva.
 18735 | Lair:5   | Found a staircase to the Slime Pits.
 19093 | Lair:5   | You fall into a shaft and drop 1 floor!
 19093 | Lair:6   | Entered Level 6 of the Lair of Beasts
 19205 | Lair:6   | HP: 2/103 [rime drake/flash freeze (13)]
 19209 | Lair:6   | Slain by a seven-headed hydra

Illustrated notes

Levels and vault maps discovered:
D:1:      dpeg_arrival_windows_large_door, layout_rooms
D:2:      layout_basic, gammafunk_temple_overflow_wave, uniq_jessica, uniq_robin
D:3:      layout_loops_corners, vehumet_crystals, chequers_serial_rivers_micro_e
D:4:      layout_rooms, okawaru_trees_1, grunt_ministairs_8,
          lemuel_flame_loot_1, uniq_grinder, uniq_edmund
D:5:      layout_basic, minmay_temple_entry_junction_2
D:6:      minmay_bubble_buster, layout_rooms, basic_altar, uniq_menkaure
D:7:      layout_rooms, lemuel_crystal_altar, uniq_maggie
D:8:      layout_gridville, lemuel_coloured_pillars_altar, basic_altar,
          serial_shops, shop_coins, uniq_grum, uniq_maurice, uniq_psyche,
          uniq_prince_ribbit1
D:9:      nzn_winding_woodlands_large [nzn_winding_woodlands_5x5_closed_star,
          nzn_winding_woodlands_5x15_cabin, nzn_winding_woodlands_5x5_default,
          nzn_winding_woodlands_center_pierced_h,
          nzn_winding_woodlands_15x15_thick_spiral,
          nzn_winding_woodlands_center_diamonds,
          nzn_winding_woodlands_5x5_cross,
          nzn_winding_woodlands_5x15_concentric,
          nzn_winding_woodlands_hourglass], layout_gridville,
          general_overflow_altar, minmay_misc_feat_tower, uniq_gastronok
D:10:     layout_irregular_city, uniq_urug
D:11:     layout_loops_ring, lair_entry_dummy, yredelemnul_altar_generic
Lair:1:   layout_long_grid, serial_bayou_pond_c, cheibrodos_lair_lostbears,
          uniq_erica
Lair:2:   layout_roguey, guppyfry_snake_entry_island, ebering_ghost_inner_flame,
          nicolae_lair_grove_arrangements, lemuel_fruit_fields
Lair:3:   layout_hall_layers, serial_bayou_shore_b, serial_bayou_shore_a,
          infiniplex_staircase_pool_2, grunt_megastairs_4
Lair:4:   layout_misc_corridors, elwin_shoals_entry_rocks, disabler_island,
          serial_bayou_shore_b, infiniplex_staircase_pool
Lair:5:   layout_hall_layers, slime_altar_1, grunt_megastairs_1
Lair:6:   gammafunk_lair_ancient_temple, layout_misc_corridors

Skill      XL: |  1  2  3  4  5  6  7  8  9 10 11 12 13 |
---------------+----------------------------------------+-----
Axes           | 3 4 5 6 7 9 10 11 12 13 14 15 | 15.3
Dodging        | 2 4 5 6 7 8 |  8.8
Armour         | 2 4 5 6 7 8 |  8.8
Fighting       | 5 6 7 8 9 |  9.8
Evocations     | 3 5 6 |  6.0

Action                   |  1- 3 |  4- 6 |  7- 9 | 10-12 | 13-15 || total
-------------------------+-------+-------+-------+-------+-------++-------
Melee: Hand axe          |   125 |   142 |       |   344 |    77 ||   688
       Headbutt          |       |    12 |    65 |   119 |    45 ||   241
       War axe           |       |    12 |   293 |   222 |       ||   527
       Flail             |       |       |       |    11 |       ||    11
       Broad axe         |       |       |       |       |   133 ||   133
Throw: Dart              |       |       |     9 |    25 |       ||    34
Invok: Berserk           |     3 |     4 |     7 |    11 |     3 ||    28
       Brothers in Arms  |       |       |       |       |     4 ||     4
       Trog's Hand       |       |       |       |       |     1 ||     1
Evoke: Wand              |       |       |       |     2 |       ||     2
  Use: Scroll            |       |       |    18 |    10 |     6 ||    34
       Potion            |       |       |       |       |     3 ||     3
 Stab: Invisible         |       |       |     1 |       |       ||     1
Armor: Chain mail        |    71 |    90 |   136 |   206 |   135 ||   638
Dodge: Dodged            |    47 |    33 |   156 |   237 |   225 ||   698
